AoeStats
← pooh

Oasis

507850801Analyzed
4v4 RM · 14d ago on Sep 19, 2026· 29m 54s· 8 players
Game mode
Random Map
Map size
Large (8 player)
Population
200
Speed
Normal
Resources
Standard
Victory
Conquest
Starting age
Dark Age
Ending age
Imperial Age
RankedLock teamsTeams togetherTeam positionsShared explorationLock speedFull tech treeHidden civsTurbo modeCheats
Victory
Defeat
🇸🇮 Britons · Slovenia
1322
+14
🇺🇸 Saracens · United States
1313
+15
🇺🇸 Wei · United States
1263
+17
🇨🇦 Huns · Canada
1258
+17
🇦🇷 Ethiopians · Argentina
1318
-16
🇦🇷 Mongols · Argentina
1302
-17
🇦🇷 Burgundians · Argentina
1287
-16
🇦🇷 Persians · Argentina
1237
-14
samuel_ojeda
9:14 Feudal Age
10:03 Man-at-Arms
10:30 Loom
14:15 Fletching
15:49 Padded Archer Armor
20:02 Double-Bit Axe
26:35 Wheelbarrow
29:14 Castle Age
27:20 Gold Mining
Alejandro Manco
7:59 Loom
10:02 Feudal Age
9:21 Double-Bit Axe
11:41 Bow Saw
15:13 Horse Collar
17:53 Forging
18:52 Wheelbarrow
19:40 Scale Barding Armor
23:16 Castle Age
21:33 Heavy Plow
21:56 Gold Mining
23:21 Cavalier
24:02 Husbandry
26:01 Chain Barding Armor
27:44 Iron Casting
[BRANCA] Ale Vai
5:27 Loom
15:15 Feudal Age
16:27 Double-Bit Axe
21:00 Castle Age
19:16 Fletching
19:23 Gold Mining
19:22 Horse Collar
21:05 Crossbowman
21:41 Bodkin Arrow
21:47 Padded Archer Armor
25:52 Thumb Ring
DS_mikita
4:57 Loom
10:36 Feudal Age
19:09 Horse Collar
19:18 Double-Bit Axe
25:11 Castle Age
24:13 Bloodlines
24:48 Forging
Howie
4:09 Loom
10:19 Feudal Age
13:05 Double-Bit Axe
15:17 Forging
23:33 Castle Age
22:22 Horse Collar
24:01 Scale Barding Armor
26:56 Wheelbarrow
27:30 Gold Mining
29:22 Heavy Plow
FEMALE INCA VILLAGER
7:01 Loom
7:26 Loom
10:03 Feudal Age
11:07 Double-Bit Axe
15:14 Scale Barding Armor
17:10 Bloodlines
18:32 Forging
22:49 Castle Age
24:15 Iron Casting
23:42 Husbandry
25:17 Chain Barding Armor
27:39 Wheelbarrow
bkg45
6:36 Loom
11:04 Feudal Age
17:10 Fletching
20:52 Town Watch
28:04 Castle Age
27:00 Padded Archer Armor
28:47 Bodkin Arrow
28:21 Crossbowman
30:45 Ballistics
pooh
10:09 Feudal Age
9:28 Loom
15:31 Fletching
17:23 Horse Collar
23:42 Castle Age
22:24 Padded Archer Armor
22:36 Double-Bit Axe
22:43 Gold Mining
23:55 Crossbowman
24:32 Bodkin Arrow
25:18 Bow Saw
28:06 Leather Archer Armor
28:57 Ballistics
Connection lost

Rejoining the realm…

Still unreachable

The connection could not be restored.

Session expired

The server has moved on; the page needs a fresh start.